 Dungeon Crawl Stone Soup version 0.21-a0-91-ga5031da (webtiles) character file.

86 Murumi the Skirmisher (level 4, -6/29 HPs)
             Began as a Gargoyle Fighter on June 28, 2017.
             Killed from afar by Robin (9 damage)
             ... with a wand of flame (?/48)
             ... on level 2 of the Dungeon.
             The game lasted 00:07:25 (1246 turns).

Murumi the Skirmisher (Gargoyle Fighter)            Turns: 1246, Time: 00:07:26

Health: -6/29      AC: 12    Str: 21    XL:     4   Next: 49%
Magic:  4/4        EV: 10    Int:  8    God:
Gold:   29         SH:  0    Dex:  9    Spells: 3/3 levels left

rFire    . . .     SeeInvis .   a - +0 flail
rCold    . . .     Gourm    .   (no shield)
rNeg     + . .     Faith    .   b - +0 scale mail
rPois    ∞         Spirit   .   (no helmet)
rElec    +         Reflect  .   (no cloak)
rCorr    .         Harm     .   i - +0 pair of gloves (curse)
MR       .....                  h - +0 pair of boots
Stlth    ..........             (no amulet)
HPRegen  0.09/turn              (no ring)
MPRegen  0.09/turn              (no ring)

@: no status effects
A: negative energy resistance 1, electricity resistance, unbreathing,
petrification resistance, rot immunity, AC +3
a: no special abilities


You were on level 2 of the Dungeon.
You were not hungry.

You visited 1 branch of the dungeon, and saw 2 of its levels.

You collected 29 gold pieces.

Inventory:

Hand Weapons
 a - a +0 flail (weapon)
Missiles
 e - 2 javelins
 l - 44 stones (quivered)
Armour
 b - a +0 scale mail (worn)
 c - a +0 shield
 h - a +0 pair of boots (worn)
 i - a cursed +0 pair of gloves (worn)
Scrolls
 j - a scroll of remove curse {unknown}
Potions
 d - a potion of might
 g - a potion of haste
 k - a potion of curing
Comestibles
 f - 2 bread rations
 m - 2 royal jellies
 o - a meat ration


   Skills:
 - Level 4.1 Fighting
 - Level 3.1 Maces & Flails
 - Level 1.0 Throwing
 + Level 3.5 Armour
 - Level 1.0 Dodging
 - Level 3.2 Shields


You had 3 spell levels left.
You didn't know any spells.

Dungeon Overview and Level Annotations

Branches:
Dungeon (2/15)

Altars:

Annotations:
D:2 Robin


Innate Abilities, Weirdness & Mutations

You are resistant to torment.
Your stone body is resilient. (AC +3)
You are immune to poison.
You resist negative energy. (rN+)
You are resistant to electric shocks. (rElec)
You can survive without breathing.
You are immune to petrification.
You are immune to rotting.


Message History

Your scale mail prevents you from hitting the goblin.
The goblin hits you but does no damage. Robin hits you but does no damage.
You closely miss the goblin. The goblin barely misses you.
Robin zaps a wand.
The puff of flame hits you!
You barely miss the goblin. The goblin hits you but does no damage.
Robin closely misses you. The goblin barely misses you.
You sock the goblin!
You kill the goblin!
Robin hits you but does no damage. x2
You sock Robin!
Robin is heavily wounded.
Robin hits you but does no damage.
You sock Robin!
Robin is almost dead.
Robin zaps a wand.
The puff of flame hits you!
* * * LOW HITPOINT WARNING * * *
You hit Robin.
Robin is almost dead.
Robin zaps a wand.
The puff of flame hits you!
You die...

#.# #.# #.#
#.############
#............#
#################.#
...g..)..# #.#
########g# #.# #@#
#.# #)# #.#
#.########.#
#.#........#
#.#.######## #.#.#
#.#.# #.#.# #.#.#


You could see Robin.

Vanquished Creatures
  4 adders (D:2)
  A worm (D:2)
  A dart slug (D:2)
  A leopard gecko (D:1)
  A bat (D:2)
  11 goblins
  12 hobgoblins
  A quokka (D:2)
  3 frilled lizards (D:2)
  2 kobolds (D:1)
  4 rats
41 creatures vanquished.

Notes
Turn   | Place    | Note
-------+----------+-------------------------------------------
     0 | D:1      | Murumi the Gargoyle Fighter began the quest for the Orb.
     0 | D:1      | Reached XP level 1. HP: 14/14 MP: 1/1
   254 | D:1      | Reached skill level 1 in Throwing
   269 | D:1      | Reached XP level 2. HP: 19/19 MP: 2/2
   409 | D:1      | Reached skill level 1 in Dodging
   608 | D:2      | Reached XP level 3. HP: 22/23 MP: 3/3
   945 | D:2      | Reached XP level 4. HP: 29/29 MP: 4/4
   961 | D:2      | Reached skill level 4 in Fighting
  1220 | D:2      | Noticed Robin
  1246 | D:2      | Killed from afar by Robin

Vault maps used:
D:1:      matt_arrival_grand_opening
D:2:      uniq_robin

Skill      XL: |  1  2  3  4 |
---------------+-------------+-----
Throwing       | 1 |  1.0
Dodging        | 1 |  1.0
Maces & Flails | 3 |  3.1
Fighting       | 4 |  4.1
Armour         | |  3.5
Shields        | |  3.2

Action                   |  1- 3 |  4- 6 || total
-------------------------+-------+-------++-------
Melee: Flail             |   115 |    49 ||   164
Throw: Stone             |    17 |       ||    17
  Use: Scroll            |     1 |     1 ||     2
  Eat: Chunk             |       |     1 ||     1
Armor: Scale mail        |    50 |    29 ||    79
Dodge: Dodged            |    68 |    21 ||    89
Block: Shield            |     5 |       ||     5
